 Dungeon Crawl Stone Soup version 0.30-a0-3-gc9032a9cac (webtiles) character file.

Game seed: 18316437601623507313

18 BritishOli the Trooper (level 2, 0/24 HPs)
             Began as a Demonspawn Fighter on Aug 20, 2022.
             Slain by an adder (1 damage)
             ... on level 2 of the Dungeon.
             The game lasted 00:00:35 (519 turns).

BritishOli the Trooper (Demonspawn Fighter)          Turns: 519, Time: 00:00:36

Health: 0/24       AC:  8    Str: 13 (16) XL:     2   Next: 48%
Magic:  2/2        EV:  8    Int:  6 (9)  God:
Gold:   45         SH:  5    Dex: 17 (18) Spells: 1/1 levels left

rFire   . . .      SeeInvis .    a - +0 long sword
rCold   . . .      Faith    .    c - +0 buckler
rNeg    . . .      Spirit   .    b - +0 scale mail
rPois   .          Reflect  .    (no helmet)
rElec   .          Harm     .    (no cloak)
rCorr   .          Rampage  .    (no gloves)
Will    .....                    j - +1 pair of boots
Stlth   ..........               (no amulet)
HPRegen 0.08/turn                f - +6 ring of dexterity
MPRegen 0.08/turn                (no ring)

@: brilliant, lethally poisoned (0 -> -3)
A: claws 1
a: no special abilities


You were on level 2 of the Dungeon.
You visited 1 branch of the dungeon, and saw 2 of its levels.

You collected 45 gold pieces.

Inventory:

Hand Weapons
 a - a +0 long sword (weapon)
Armour
 b - a +0 scale mail (worn)
 c - a +0 buckler (worn)
 j - a +1 pair of boots (worn)
Jewellery
 f - a +6 ring of dexterity (left claw)
Scrolls
 e - 4 scrolls of silence {unknown}
Potions
 d - a potion of might
 g - a potion of magic
 h - a potion of degeneration


   Skills:
 + Level 3.2 Fighting
 + Level 2.1 Long Blades
 + Level 2.9 Armour
 + Level 2.9 Shields


You had one spell level left.
You didn't know any spells.
Your spell library contained the following spells:

 Spells                   Type           Power      Damage    Failure   Level
 Sublimation of Blood     Necr           0%         N/A       99%         2
 Wereblood                Tmut           0%         N/A       99%         2
 Summon Hydra             Summ           0%         N/A       100%        7


Dungeon Overview and Level Annotations

Branches:
Dungeon (2/15)

Altars:
Wu Jian


Innate Abilities, Weirdness & Mutations

You have sharp fingernails.


Message History

The worm is lightly wounded.
The goblin hits you but does no damage.
There are monsters nearby!
You slash the worm!
The worm is heavily wounded.
The goblin hits you with a +0 dagger. The adder barely misses you.
The worm barely misses you.
There are monsters nearby!
You hit the worm.
The worm is heavily wounded.
You block the adder's attack. You block the goblin's attack.
The worm bites you! The adder bites you.
You are poisoned.
The adder poisons you! The goblin hits you but does no damage.
There are monsters nearby!
You slash the worm!
The worm is almost dead.
You feel very sick.
A giant cockroach comes into view.
The adder bites you. The goblin hits you but does no damage.
The worm misses you. The adder bites you.
You are lethally poisoned!
The adder poisons you!
* * * LOW HITPOINT WARNING * * *
You feel sick.
* * * LOW HITPOINT WARNING * * *
You feel sick.
It was a potion of magic.
Magic courses through your body.
* * * LOW HITPOINT WARNING * * *
You feel sick.
The adder bites you but does no damage. x2
It was a potion of degeneration.
There was something very wrong with that liquid.
You feel weakened.
You feel dopey.
You feel clumsy.
* * * LOW HITPOINT WARNING * * *
You feel sick. The adder closely misses you.
It was a potion of brilliance.
You feel clever all of a sudden.
* * * LOW HITPOINT WARNING * * *
You feel sick. The adder bites you.
You die...

#..8.⌠#..+..###
#... #.8..###.####
##.#
#...#∩#⌠#.#######
##.#
#.#⌠#_#...#......#
####.†# #
####..8.#......#
#....##
#⌠.8..#......#
#....#
##..)#.......#
#....#
#.###..##+####
#....#
###..r@......#
#.....#
#..S.#######
#[..### #.w###
#...# #.g..# ...##
#..### #### #.$#
...# .##.. . ...


You could see a worm, an adder, a goblin and a rat.

Vanquished Creatures
  An adder (D:2)
  An endoplasm (D:1)
  A giant cockroach (D:1)
  A hobgoblin (D:2)
  A kobold (D:1)
  2 bats (D:2)
  A frilled lizard (D:2)
  2 rats
10 creatures vanquished.

Notes
Turn   | Place    | Note
-------+----------+-------------------------------------------
     0 | D:1      | BritishOli the Demonspawn Fighter began the quest for the
                  | Orb.
     0 | D:1      | Reached XP level 1. HP: 18/18 MP: 1/1
   274 | D:1      | You fall into a shaft and drop 1 floor!
   274 | D:2      | Found an ornate altar of the Wu Jian Council.
   345 | D:2      | Gained mutation: You have sharp fingernails. [demonic
                  | ancestry]
   345 | D:2      | Reached XP level 2. HP: 16/24 MP: 2/2
   505 | D:2      | Found a faded altar of an unknown god.
   519 | D:2      | HP: 1/24 [poisoned by an adder]
   519 | D:2      | Slain by an adder

Illustrated notes

Levels and vault maps discovered:
D:1:      scummos_arrival_star, layout_basic, serial_shops,
          nicolae_shop_statue_plus, serial_bayou, serial_bayou_shore_a,
          serial_bayou_pond_e, serial_bayou_pond_b, serial_bayou_pond_e,
          serial_bayou_ford_a
D:2:      layout_basic, shapermc_ecumenical_altar_venn, basic_altar,
          dreamdust_princess_corridor

Skill      XL: |  1 |
---------------+----+-----
Long Blades    | 2 |  2.1
Fighting       | |  3.2
Armour         | |  2.9
Shields        | |  2.9

Action                   || total
-------------------------++-------
Melee: Long sword        ||    33
  Use: Potion            ||     3
Armor: Scale mail        ||    19
Dodge: Dodged            ||    15
Block: Buckler           ||     6

Table legend: (Time is in decaauts)
 A = Elapsed time spent in this place.
 B = Non-inter-level travel time spent in this place.
 C = Inter-level travel time spent in this place.
 D = Time resting spent in this place.
 E = Time spent auto-exploring this place.
 F = Levels seen in this place.
 G = Mean time per level.
                   A        B        C        D        E       F      G
               +--------+--------+--------+--------+--------+-----+--------+
         Total |    530 |    530 |      0 |      0 |    433 |   2 |  265.0 |
       Dungeon |    530 |    530 |      0 |      0 |    433 |   2 |  265.0 |
               +--------+--------+--------+--------+--------+-----+--------+

Top non-repeatable levels by time:
     D:1: 280 daAuts
     D:2: 250 daAuts
